 Seeded DCSS version 0.25.1-11-g244df3a29b (webtiles) character file.

Game seed: 9764 (custom seed)

37 Fluidstar381 the Ruffian (level 3, 0/37 HPs)
             Began as a Troll Berserker on Feb 28, 2023.
             Was a Follower of Trog.
             Slain by a river rat (10 damage)
             ... in a sewer.
             The game lasted 00:06:36 (987 turns).

Fluidstar381 the Ruffian (Troll Berserker)           Turns: 987, Time: 00:06:37

Health: 0/37       AC:  6    Str: 24 (26) XL:     3   Next: 21%
Magic:  2/2        EV: 10    Int:  1 (3)  God:    Trog [*.....]
Gold:   83         SH:  0    Dex:  7 (9)  Spells: 2/2 levels left

rFire    . . .     SeeInvis .   i - +0 hand axe
rCold    . . .     Gourm    +   (no shield)
rNeg     . . .     Faith    .   a - +0 animal skin
rPois    .         Spirit   .   (helmet restricted)
rElec    .         Reflect  .   (no cloak)
rCorr    .         Harm     .   (gloves unavailable)
MR       .....                  (boots unavailable)
Stlth    +.........             (no amulet)
HPRegen  0.52/turn              (no ring)
MPRegen  0.08/turn              (no ring)

@: no status effects
A: large, unfitting armour, claws 3, fast metabolism 3, gourmand, regeneration
1, shaggy fur 1, tough skin 3
a: Berserk, Renounce Religion


You were in a sewer.
You worshipped Trog.
Trog was aware of your devotion.
You were not hungry.

You visited 1 branch of the dungeon, and saw 3 of its levels.
You also visited: Sewer.

You collected 83 gold pieces.

Inventory:

Hand Weapons
 g - a +0 short sword
 i - a +0 hand axe (weapon)
 k - a +0 spear
Missiles
 d - 95 stones (quivered)
Armour
 a - a +0 animal skin (worn)
 e - a +0 robe
 f - a +0 helmet
 m - a +0 centaur barding
Scrolls
 c - a scroll of enchant weapon {unknown}
 h - a scroll of teleportation {unknown}
Potions
 l - 2 potions of haste {unknown}
Comestibles
 b - 3 rations


   Skills:
 + Level 3.1 Fighting
 + Level 2.8 Dodging
 + Level 3.2 Unarmed Combat


You had 2 spell levels left.
You didn't know any spells.
Your spell library was empty.

Dungeon Overview and Level Annotations

Branches:
Dungeon (3/15)              Sewer (1/1)

Altars:
Xom


Innate Abilities, Weirdness & Mutations

You are too large for most types of armour.
You have claws for hands.
Your metabolism is lightning-fast.
You like to eat raw meat.
Your natural rate of healing is unusually fast.
You are covered in fur. (AC +1)
You have extremely tough skin. (AC +3)


Message History

There was something very wrong with that liquid.
You feel weakened.
You feel dopey.
You feel clumsy. The river rat bites you.
* * * LOW HITPOINT WARNING * * *
The river rat bites you but does no damage.
The rat twitches its whiskers.
You can't go down here!
You barely miss the river rat.
The river rat is lightly wounded.
You hit the river rat. The river rat completely misses you.
The river rat closely misses you.
You hit the river rat.
The river rat is moderately wounded.
You closely miss the river rat.
The river rat bites you but does no damage.
The river rat misses you.
You closely miss the river rat.
The river rat is moderately wounded.
You hit the river rat. The river rat bites you!
You die... ################ ≈≈..rrr@rr∩....# ################

You could see 2 river rats and 3 rats.

Vanquished Creatures
  An adder (D:2)
  2 dart slugs
  A leopard gecko (D:2)
  A giant cockroach (D:3)
  A goblin (D:2)
  A hobgoblin (D:2)
  4 jackals (D:3)
  2 ball pythons (D:3)
  A bat (D:2)
  3 kobolds
  6 rats
  12 plants (D:1)
35 creatures vanquished.

Notes
Turn   | Place    | Note
-------+----------+-------------------------------------------
     0 | D:1      | Fluidstar381 the Troll Berserker began the quest for the
                  | Orb.
     0 | D:1      | Reached XP level 1. HP: 22/22 MP: 0/0
   300 | D:2      | Found a shimmering altar of Xom.
   475 | D:2      | Reached XP level 2. HP: 29/29 MP: 1/1
   748 | D:3      | Reached XP level 3. HP: 37/37 MP: 2/2
   945 | D:3      | Found a glowing drain.
   975 | Sewer    | Entered a sewer
   987 | Sewer    | Slain by a river rat

Illustrated notes

Levels and vault maps discovered:
D:1:      eino_arrival_water_cross, layout_loops_ring
D:2:      layout_loops_cross, tgw_xom
D:3:      layout_loops_cross, first_ration, portal_sewer_entry_b,
          minmay_unequal, uniq_sigmund
Sewer:    sewer_kobolds

Skill      XL: |  1  2 |
---------------+-------+-----
Fighting       | 3 |  3.1
Dodging        | |  2.8
Unarmed Combat | |  3.2

Action                   || total
-------------------------++-------
Melee: Unarmed           ||   219
       Punch             ||     7
       Hand axe          ||    42
  Use: Potion            ||     1
  Eat: Ration            ||     2
Armor: Animal skin       ||    43
Dodge: Dodged            ||    66
